 Dungeon Crawl Stone Soup version 0.32-a0-520-g344ed53f66 (webtiles) character file.

Game seed: 9860483082254500640

7064 lunkers the Scorcher (level 10, -2/81 HPs)
             Began as a Mountain Dwarf Fire Elementalist on Feb 28, 2024.
             Was a Believer of Sif Muna.
             Slain by a two-headed ogre
             ... wielding a +0 giant spiked club
              (3 damage)
             ... on level 8 of the Dungeon.
             The game lasted 00:17:31 (9136 turns).

lunkers the Scorcher (MDFE)                         Turns: 9136, Time: 00:17:32

Health: -2/81      AC: 10    Str: 17    XL:     10   Next: 83%
Magic:  1/14       EV: 10    Int: 20    God:    Sif Muna [**....]
Gold:   421        SH:  0    Dex: 10    Spells: 2/12 levels left

rFire   . . .        i - +3 dagger (venom)
rCold   + . .        (no shield)
rNeg    . . .        y - +2 ring mail {rC+}
rPois   .            (no helmet)
rElec   .            (no cloak)
rCorr   .            g - +1 pair of gloves
SInv    +            a - +0 pair of boots
Will    +....        t - amulet of magic regeneration
Stlth   +            A - ring of see invisible
HPRegen 0.33/turn    q - +6 ring of strength
MPRegen 0.54/turn

%: no passive effects
@: no status effects
A: runic magic, artefact enchanting
a: Renounce Religion, Channel Magic


You were on level 8 of the Dungeon.
You worshipped Sif Muna.
Sif Muna was pleased with you.
You visited 2 branches of the dungeon, and saw 9 of its levels.

You collected 421 gold pieces.

Inventory:

Hand Weapons
 d - a +4 scimitar
 i - a +3 dagger of venom (weapon)
 m - a +6 falchion
Armour
 a - a +0 pair of boots (worn)
 g - a +1 pair of gloves (worn)
 y - a +2 ring mail of cold resistance (worn)
Jewellery
 h - a ring of fire
 q - a +6 ring of strength (right hand)
 t - an amulet of magic regeneration (around neck)
 w - an amulet of the acrobat
 A - a ring of see invisible (left hand)
 C - a ring of fire
Wands
 j - a wand of paralysis (20)
 E - a wand of polymorph (7)
Scrolls
 k - 5 scrolls of teleportation
 n - a scroll of enchant weapon
 r - a scroll of fog
 x - 2 scrolls of poison
 B - a scroll of fear {unknown}
 D - a scroll of silence {unknown}
Potions
 b - a potion of magic
 c - 3 potions of lignification
 e - a potion of curing {unknown}
 f - a potion of might {unknown}
 l - a potion of resistance {unknown}
 o - a potion of attraction {unknown}
 p - a potion of heal wounds
 s - 2 potions of cancellation
 u - a potion of berserk rage {unknown}
 v - a potion of mutation {unknown}
 z - a potion of haste {unknown}


   Skills:
 + Level 5.0 Fighting
 + Level 3.0 Armour
 - Level 1.3 Dodging
 - Level 1.4 Stealth
 - Level 1.7 Spellcasting
 - Level 0.8 Conjurations
 * Level 17.7 Fire Magic
 + Level 6.0 Invocations


You had 2 spell levels left.
You knew the following spells:

 Your Spells              Type           Power      Damage    Failure   Level
b - Scorch                Fire           100%       2d9       1%          2
c - Flame Wave            Conj/Fire      38%        2d10      4%          4
d - Volatile Blastmotes   Fire/Tloc      74%        2d16      1%          3
p - Foxfire               Conj/Fire      100%       2x1d9     1%          1

Your spell library contained the following spells:

 Spells                   Type           Power      Damage    Failure   Level
 Magic Dart               Conj           20%        1d4       13%         1
 Sting                    Conj/Alch      12%        1d3       16%         1
 Sandblast                Erth           2%         2d4       19%         1
 Blink                    Tloc           2%         N/A       28%         2
 Call Imp                 Summ           2%         N/A       28%         2
 Mercury Vapours          Alch/Air       2%         N/A       28%         2
 Inner Flame              Hex/Fire       37%        N/A       1%          3
 Stone Arrow              Conj/Erth      6%         3d7       43%         3
 Passwall                 Erth           1%         N/A       50%         3
 Brom's Barrelling Bould  Conj/Erth      3%         2d3       83%         4
 Olgreb's Toxic Radiance  Alch           1%         N/A       88%         4
 Vhi's Electric Charge    Tloc/Air       2%         N/A       88%         4
 Arcjolt                  Conj/Air       1%         1d11      99%         5
 Maxwell's Capacitive Co  Air            0%         ∞         100%        8


Dungeon Overview and Level Annotations

Branches:
Dungeon (8/15)             Temple (1/1) D:4
   Lair: D:8-11

Altars:
Ashenzari
Cheibriados
Elyvilon
Fedhas
Gozag
Hepliaklqana
Kikubaaqudgha
Makhleb
Nemelex Xobeh
Okawaru
Qazlal
Ru
Sif Muna
Trog
Uskayaw
Vehumet
Wu Jian
Xom
Yredelemnul
Zin
The Shining One

Shops:
D:1 :   D:2 ??[   D:4 **   D:7 **

Annotations:
D:8 Grum


Innate Abilities, Weirdness & Mutations

Your spellcasting is much less encumbered by armour.
You can use scrolls of enchantment on lesser artefacts.


Message History

The two-headed ogre's willpower is stripped away!
The two-headed ogre barely misses you.
The two-headed ogre hits you with a +0 giant club!
* * * LOW HITPOINT WARNING * * *
Unknown command.
Unknown command.
Unknown command.
Unknown command.
Casting: Flame Wave (dangerous; 4% risk of failure)
Confirm with . or Enter, or press ? or * to list all spells.
Casting: Flame Wave (dangerous; 4% risk of failure)
Press: ? - help, Dir - look around, f - activate A wave of flame ripples out!
The flame wave engulfs the two-headed ogre!
The two-headed ogre is severely wounded.
The flame wave engulfs Psyche!
You kill Psyche!
Sif Muna accepts your kill. (Press . to intensify the flame waves.)
* * * LOW MAGIC WARNING * * *
Your life force feels restored.
Your Fighting skill increases to level 5!
Your Armour skill increases to level 3!
Your Invocations skill increases to level 6!
Unknown command.
A wave of flame ripples out!
The flame wave engulfs the two-headed ogre.
The two-headed ogre is almost dead.
The flame wave engulfs the orc knight!
The orc knight is moderately wounded.
* * * LOW MAGIC WARNING * * *
The two-headed ogre hits you with a +0 giant spiked club!
* * * LOW HITPOINT WARNING * * *
The two-headed ogre closely misses you.
Unknown command.
Without enough magic to sustain them, the waves of flame dissipate.
The two-headed ogre hits you with a +0 giant spiked club.
* * * LOW HITPOINT WARNING * * *
The two-headed ogre hits you with a +0 giant club.
You die...

##.##..#
#........
...##.#####......
##
#)###...########
..#...##..# .#
.###).)..########
..
).#.###...).....
o# ###)#)#
#.########
).#)).#)# #.#
o#@#...# #.#
#hO$##### #.#
#?#.#...# #.#
..)#...# ..# #.#
###.# .## ... #
#.# ..


You could see a two-headed ogre (weak-willed) and a wolf.

Vanquished Creatures
  An ogre mage (D:8)
  Erica (D:7)
  A manticore (D:8)
  Psyche (D:8)
  A kobold demonologist (D:8)
  Prince Ribbit (D:8)
  9 yaks (D:8)
  2 wyverns (D:8)
  2 steam dragons
  A water moccasin (D:8)
  2 orc warriors (D:8)
  3 sky beasts
  An ice beast (D:6)
  A black bear (D:5)
  2 wolves (D:8)
  An ogre (D:3)
  2 centaurs
  A phantom (D:4)
  2 kobold brigands (D:8)
  2 bullfrogs
  3 scorpions
  11 wights
  A howler monkey (D:6)
  2 bombardier beetles
  3 jellies
  6 orc priests
  3 iguanas
  7 orc wizards
  Robin (D:3)
  3 gnolls (D:3)
  6 adders
  2 shadow imps
  6 white imps
  A ribbon worm (D:3)
  3 dart slugs
  8 orcs
  6 bats (D:1)
  4 endoplasms
  5 giant cockroaches
  17 goblins
  12 hobgoblins
  6 jackals
  12 kobolds
  A quokka (D:3)
  13 ball pythons
  4 frilled lizards
  7 rats
190 creatures vanquished.

Vanquished Creatures (others)
  231 foxfires
231 creatures vanquished.

Grand Total: 421 creatures vanquished

Notes
Turn   | Place    | Note
-------+----------+-------------------------------------------
     0 | D:1      | lunkers the Mountain Dwarf Fire Elementalist began the
                  | quest for the Orb.
     0 | D:1      | Reached XP level 1. HP: 14/14 MP: 3/3
   164 | D:1      | Reached skill level 4 in Fire Magic
   223 | D:1      | Reached XP level 2. HP: 20/20 MP: 1/4
   578 | D:1      | Learned a level 2 spell: Scorch
   739 | D:1      | Reached skill level 5 in Fire Magic
   850 | D:1      | Reached XP level 3. HP: 26/26 MP: 0/5
   933 | D:1      | Found Hurarch's Book Shop.
  1234 | D:2      | Found Kext's Antique Armour Emporium.
  1373 | D:2      | Found Jamoifra's Magic Scroll Emporium.
  1932 | D:2      | Found a broken altar of Ashenzari.
  2071 | D:2      | Found Jaupamarch's Magic Scroll Boutique.
  2258 | D:3      | Noticed an ogre
  2266 | D:3      | HP: 1/26 [ogre/+0 giant club (25)]
  2269 | D:3      | Killed an ogre
  2270 | D:3      | Reached skill level 7 in Fire Magic
  2270 | D:3      | Reached XP level 4. HP: 2/33 MP: 1/6
  2270 | D:3      | Reached XP level 5. HP: 3/38 MP: 1/7
  2519 | D:3      | Found a glowing silver altar of Zin.
  2674 | D:3      | Noticed Robin
  2696 | D:3      | Killed Robin
  3564 | D:4      | Reached skill level 8 in Fire Magic
  3597 | D:4      | Reached XP level 6. HP: 30/45 MP: 3/8
  3693 | D:4      | Found Camemohi's Serpentskin Sales.
  3953 | D:4      | Found an iron altar of Okawaru.
  3998 | D:4      | Reached skill level 9 in Fire Magic
  4149 | D:4      | Found Arghashoghy's Assorted Antiques.
  4235 | D:4      | Reached XP level 7. HP: 30/50 MP: 3/9
  4235 | D:4      | Found a broken altar of Ashenzari.
  4693 | D:4      | Found a staircase to the Ecumenical Temple.
  4699 | Temple   | Entered the Ecumenical Temple
  4731 | Temple   | Became a worshipper of Sif Muna the Loreminder
  4788 | D:5      | Entered Level 5 of the Dungeon
  4889 | D:5      | Reached skill level 10 in Fire Magic
  5345 | D:5      | Found a hazy altar of Hepliaklqana.
  5516 | D:5      | Identified the +0 scale mail of Weuhomn {-Cast rElec Regen+
                  | Str+6}
  5864 | D:6      | Reached skill level 11 in Fire Magic
  6125 | D:6      | Reached XP level 8. HP: 57/57 MP: 6/10
  6172 | D:6      | Reached skill level 12 in Fire Magic
  6474 | D:6      | Reached * piety under Sif Muna
  6701 | D:7      | Found Powal's Neck Hole.
  6776 | D:7      | Reached skill level 13 in Fire Magic
  7053 | D:7      | Found Xaarrounwa's Assorted Antiques.
  7557 | D:8      | Noticed Erica
  7567 | D:7      | Killed Erica
  7568 | D:7      | Reached skill level 14 in Fire Magic
  7568 | D:7      | Reached XP level 9. HP: 22/62 MP: 0/11
  7700 | D:7      | Reached skill level 15 in Fire Magic
  7708 | D:7      | Learned a level 4 spell: Flame Wave
  7712 | D:7      | Learned a level 3 spell: Volatile Blastmotes
  7805 | D:8      | Found a basalt altar of Yredelemnul.
  7845 | D:8      | Noticed Prince Ribbit
  7849 | D:8      | Noticed a kobold demonologist
  7851 | D:8      | Killed Prince Ribbit
  7883 | D:8      | Noticed a sixfirhy
  7885 | D:8      | Killed a kobold demonologist
  7886 | D:8      | Reached skill level 16 in Fire Magic
  7980 | D:8      | Reached skill level 1 in Invocations
  8003 | D:8      | Reached skill level 1 in Fighting
  8239 | D:8      | Reached XP level 10. HP: 15/74 MP: 12/12
  8546 | D:8      | Reached ** piety under Sif Muna
  8609 | D:8      | Found a snail-covered altar of Cheibriados.
  8773 | D:8      | Reached skill level 17 in Fire Magic
  8950 | D:8      | Reached skill level 1 in Armour
  9069 | D:8      | Noticed a cyclops
  9096 | D:8      | Noticed an ogre mage
  9100 | D:8      | Reached skill level 5 in Invocations
  9104 | D:8      | Killed an ogre mage
  9113 | D:8      | Noticed a manticore
  9119 | D:8      | Killed a manticore
  9127 | D:8      | Noticed Psyche
  9127 | D:8      | Noticed Grum
  9127 | D:8      | Noticed a two-headed ogre
  9127 | D:8      | Found the +6 shillelagh "Devastator" {shatter}
  9128 | D:8      | Noticed an orc knight
  9134 | D:8      | Killed Psyche
  9135 | D:8      | Reached skill level 5 in Fighting
  9135 | D:8      | HP: 3/81 [two-headed ogre/+0 giant spiked club (17)]
  9136 | D:8      | HP: 1/81 [two-headed ogre/+0 giant spiked club (2)]
  9136 | D:8      | Slain by a two-headed ogre

Illustrated notes

Levels and vault maps discovered:
D:1:      heliophobic_arrival_ceremonial_halls, layout_rooms, serial_shops,
          shop, minmay_misc_feat_iff
D:2:      layout_basic, serial_shops, shop, shop, shop, basic_altar,
          minmay_misc_feat_diagonals
D:3:      layout_basic, lemuel_doored_altar, uniq_robin
D:4:      layout_loops_ring, old_standard_altar, evilmike_ruin_ashenzari,
          minmay_temple_entry_fiery, serial_shops, nicolae_shop_dealshenge,
          hangedman_decor_peaks_small, kennysheep_donut, guppyfry_shop_venom
D:5:      layout_cave_pods, nzn_hepliaklqana_mist_gate
D:6:      layout_rooms
D:7:      layout_loops_ring, nicolae_stop_n_shop_2,
          nicolae_shop_sticking_my_neck_out
D:8:      layout_loops_ring, yredelemnul_altar_generic,
          mainiacjoe_overflow_alcove_4, nicolae_doodle_vault, uniq_psyche,
          uniq_prince_ribbit1, uniq_erica, uniq_grum
Temple:   regret_index_temple_generic_petals

Skill      XL: |  1  2  3  4  5  6  7  8  9 10 |
---------------+-------------------------------+-----
Fire Magic     | 4 5 7 8 9 11 14 16 17 | 17.7
Invocations    | 3 6 |  6.0
Fighting       | 2 5 |  5.0
Armour         | 3 |  3.0
Dodging        | |  1.3
Stealth        | |  1.4
Spellcasting   | |  1.7
Conjurations   | |  0.8

Action                     |  1- 3 |  4- 6 |  7- 9 | 10-12 || total
---------------------------+-------+-------+-------+-------++-------
  Melee: Short sword       |    20 |       |       |       ||    20
         Dagger            |    27 |    50 |    41 |    12 ||   130
   Cast: Foxfire           |    84 |    20 |    34 |     2 ||   140
         Scorch            |     2 |    34 |   118 |    29 ||   183
         Flame Wave        |       |       |     3 |    12 ||    15
 Invoke: Channel Magic     |       |       |     1 |     1 ||     2
    Use: Scroll            |       |       |    15 |       ||    15
         Potion            |       |       |       |     1 ||     1
 Armour: Robe              |    27 |    52 |     9 |       ||    88
         Ring mail         |       |       |    85 |    54 ||   139
  Dodge: Dodged            |    33 |    30 |    39 |    18 ||   120
         Repelled          |       |       |     4 |     1 ||     5

Table legend: (Time is in decaauts)
 A = Elapsed time spent in this place.
 B = Non-inter-level travel time spent in this place.
 C = Inter-level travel time spent in this place.
 D = Time resting spent in this place.
 E = Time spent auto-exploring this place.
 F = Levels seen in this place.
 G = Mean time per level.
                   A        B        C        D        E       F      G
               +--------+--------+--------+--------+--------+-----+--------+
         Total |   9152 |   8891 |    261 |    308 |   7220 |   9 | 1016.9 |
       Dungeon |   9089 |   8890 |    199 |    308 |   7220 |   8 | 1136.1 |
        Temple |     63 |      1 |     62 |      0 |      0 |   1 |   63.0 |
               +--------+--------+--------+--------+--------+-----+--------+

Top non-repeatable levels by time:
     D:8: 1425 daAuts
     D:3: 1327 daAuts
     D:4: 1238 daAuts
     D:5: 1149 daAuts
     D:1: 1128 daAuts
     D:7: 1037 daAuts
     D:2: 1034 daAuts
     D:6: 748 daAuts
  Temple: 63 daAuts
